AoeStats
← anonim

Arena

509490701Analyzed
4v4 RM · 6d ago on Sep 27, 2026· 56m 9s· 8 players
Game mode
Random Map
Map size
Large (8 player)
Population
200
Speed
Normal
Resources
Standard
Victory
Conquest
Starting age
Dark Age
Ending age
Imperial Age
RankedLock teamsTeams togetherTeam positionsShared explorationLock speedFull tech treeHidden civsTurbo modeCheats
Victory
Defeat
1244
+12
🇦🇺 Hindustanis · Australia
1230
+13
🇺🇸 Varangians · United States
1215
+13
🇺🇸 Persians · United States
1172
+15
🇨🇱 Wu · Chile
1179
-14
🇨🇱 Saxons · Chile
1168
-14
🇨🇱 Byzantines · Chile
1155
-13
🇨🇱 Franks · Chile
1122
-12
SLAMFOX
4:38 Loom
11:17 Feudal Age
15:35 Castle Age
13:42 Double-Bit Axe
13:38 Horse Collar
16:48 Bow Saw
22:32 Heavy Plow
23:41 Wheelbarrow
24:35 Hand Cart
24:09 Loom
26:08 Gold Mining
26:09 Stone Mining
31:04 Imperial Age
29:03 Scale Barding Armor
29:08 Forging
30:31 Gold Shaft Mining
30:31 Stone Shaft Mining
30:18 Bloodlines
30:09 Husbandry
30:31 Chain Barding Armor
31:24 Iron Casting
31:44 Conscription
30:50 Cavalier
33:02 Crop Rotation
33:36 Two-Man Saw
32:14 Savar
34:26 Plate Barding Armor
34:52 Blast Furnace
37:36 Elite War Elephant
41:32 Devotion
44:13 Ballistics
44:53 Chemistry
48:56 Gambesons
49:12 Squires
48:58 Arson
48:39 Pikeman
SLAMCOW
8:46 Feudal Age
9:35 Arson
10:07 Man-at-Arms
15:50 Double-Bit Axe
21:06 Castle Age
20:04 Horse Collar
22:19 Fletching
28:03 Bodkin Arrow
30:40 Wheelbarrow
30:36 Gold Mining
31:19 Padded Archer Armor
33:24 Hand Cart
33:43 Leather Archer Armor
39:01 Imperial Age
36:17 Loom
37:36 Bow Saw
37:59 Town Watch
40:24 Bracer
40:54 Ring Archer Armor
40:26 Heavy Mounted Crossbowman
41:24 Cranequins
43:03 Ballistics
43:43 Chemistry
53:15 Husbandry
53:26 Bloodlines
Si me criticas te fedeo
0:29 Loom
11:15 Feudal Age
12:32 Wheelbarrow
11:39 Horse Collar
11:45 Double-Bit Axe
19:25 Castle Age
21:07 Heavy Plow
21:19 Bow Saw
24:39 Gold Mining
31:11 Imperial Age
33:59 Two-Man Saw
34:48 Crop Rotation
34:43 Scale Mail Armor
35:58 Chain Mail Armor
35:54 Forging
35:56 Squires
35:42 Arson
36:04 Pikeman
36:55 Halberdier
37:21 Arson
37:10 Elite Skirmisher
38:01 Imperial Skirmisher
39:56 Padded Archer Armor
39:46 Fletching
40:41 Hand Cart
41:38 Leather Archer Armor
41:19 Bodkin Arrow
43:30 Ring Archer Armor
43:01 Bracer
44:21 Chemistry
43:42 Ballistics
43:57 Plate Mail Armor
44:02 Iron Casting
43:54 Paper Money
45:18 Plate Mail Armor
45:24 Iron Casting
45:00 Siege Engineers
44:36 Treadmill Crane
47:20 Coinage
47:00 Guilds
48:03 Town Watch
49:59 Banking
altrnate15
9:33 Feudal Age
13:38 Castle Age
12:10 Horse Collar
15:18 Double-Bit Axe
16:36 Bow Saw
18:12 Heavy Plow
19:57 Wheelbarrow
20:35 Gold Mining
21:36 Loom
22:08 Hand Cart
22:00 Stone Mining
26:32 Imperial Age
25:10 Scale Barding Armor
25:48 Forging
26:02 Bloodlines
26:26 Chain Barding Armor
27:27 Iron Casting
28:25 Plate Barding Armor
27:40 Heavy Camel Rider
30:23 Blast Furnace
30:58 Conscription
33:59 Coinage
34:25 Grand Trunk Road
36:14 Banking
39:13 Fortified Wall
39:13 Masonry
39:24 Ballistics
40:31 Stone Shaft Mining
40:33 Gold Shaft Mining
41:59 Chemistry
42:09 Two-Man Saw
43:36 Hoardings
43:12 Murder Holes
43:13 Town Watch
43:20 Imperial Camel Rider
45:00 Imperial Camel Rider
45:42 Husbandry
47:05 Siege Engineers
49:05 Fletching
50:31 Bodkin Arrow
50:35 Guard Tower
51:37 Bracer
54:02 Town Patrol
54:48 Scale Mail Armor
54:50 Padded Archer Armor
PACS ._.
11:47 Feudal Age
15:30 Castle Age
23:19 Double-Bit Axe
25:37 Horse Collar
26:09 Bow Saw
25:55 Gold Mining
29:15 Forging
29:05 Scale Mail Armor
29:08 Gambesons
29:24 Squires
29:09 Arson
29:40 Town Watch
30:32 Iron Casting
30:42 Wheelbarrow
29:58 Loom
33:23 Imperial Age
32:04 Gold Shaft Mining
31:32 Heavy Plow
31:56 Hand Cart
31:42 Town Patrol
31:59 Chain Mail Armor
33:52 Elite Varangian Guard
35:45 Plate Mail Armor
35:24 Shield Wall
36:27 Conscription
41:34 Fletching
43:31 Elite Hearth Troop
45:45 Pikeman
46:26 Halberdier
anonim
11:01 Feudal Age
16:11 Castle Age
15:11 Loom
33:38 Fortified Wall
38:14 Scale Barding Armor
38:19 Forging
38:15 Double-Bit Axe
41:55 Bow Saw
43:56 Iron Casting
49:11 Imperial Age
48:27 Chain Barding Armor
50:14 Cavalier
53:13 Plate Barding Armor
53:39 Blast Furnace
Nico
11:42 Feudal Age
12:11 Loom
16:01 Castle Age
22:04 Double-Bit Axe
22:04 Horse Collar
26:40 Imperial Age
35:55 Bow Saw
36:55 Chemistry
36:19 Fortified Wall
37:14 Forging
37:10 Scale Barding Armor
37:10 Gold Mining
38:57 Wheelbarrow
38:24 Husbandry
37:45 Heavy Camel Rider
39:12 Iron Casting
41:48 Elite Skirmisher
42:33 Thumb Ring
42:34 Fletching
42:45 Padded Archer Armor
MigueMigue
12:16 Feudal Age
15:49 Castle Age
14:10 Double-Bit Axe
14:54 Gold Mining
16:10 Loom
16:09 Horse Collar
24:24 Stone Mining
26:04 Wheelbarrow
31:13 Imperial Age
29:50 Gold Shaft Mining
29:26 Fletching
30:39 Ballistics
30:16 Bodkin Arrow
31:08 Stone Shaft Mining
30:47 Bow Saw
31:54 Bracer
32:22 Conscription
33:33 Chemistry
35:50 Forging
35:41 Scale Mail Armor
35:06 Pikeman
36:20 Squires
36:26 Padded Archer Armor
36:18 Halberdier
38:19 Leather Archer Armor
40:04 Iron Casting
39:45 Chain Mail Armor
40:48 Red Cliffs Tactics
41:11 Conscription
42:13 Blast Furnace
42:00 Heavy Plow
42:18 Hand Cart
41:50 Town Watch
43:17 Two-Man Saw
42:35 Elite Fire Archer
43:30 Arson
45:30 Plate Mail Armor
54:24 Bloodlines
54:14 Husbandry
Connection lost

Rejoining the realm…

Still unreachable

The connection could not be restored.

Session expired

The server has moved on; the page needs a fresh start.